 Dungeon Crawl Stone Soup version 0.26-b1-32-g5d43845318 (webtiles) character file.

Game seed: 2797104614445295967

26504 Borgoz the Basher (level 13, -2/83 HPs)
             Began as a Gargoyle Berserker on Jan 11, 2021.
             Was a High Priest of Trog.
             Engulfed by an ice statue's freezing vapour (14 damage)
             ... in a Gauntlet.
             The game lasted 00:21:22 (15616 turns).

Borgoz the Basher (Gargoyle Berserker)             Turns: 15616, Time: 00:21:23

Health: -2/83      AC: 19    Str: 29    XL:     13   Next: 26%
Magic:  13/13      EV: 18    Int:  7    God:    Trog [*****.]
Gold:   1268       SH:  0    Dex: 13    Spells: 12/12 levels left

rFire    . . .     SeeInvis +   a - +6 great mace
rCold    . . .     Faith    .   (shield currently unavailable)
rNeg     + . .     Spirit   .   u - +2 leather armour {Will+}
rPois    ∞         Reflect  .   o - +0 helmet
rElec    +         Harm     .   (no cloak)
rCorr    .         Rampage  .   g - +1 pair of gloves
Will     +....     NoTele   +   (no boots)
Stlth    +.........             (no amulet)
HPRegen  0.23/turn              n - +6 ring of strength (curse)
MPRegen  0.13/turn              (no ring)

@: no status effects
A: talons 2, see invisible, deterioration 1, negative energy resistance 1,
electricity resistance, unbreathing, petrification resistance, miasma immunity,
AC +9
a: Renounce Religion, Berserk, Trog's Hand, Brothers in Arms


You were in a Gauntlet.
You worshipped Trog.
Trog was extremely pleased with you.
You visited 2 branches of the dungeon, and saw 15 of its levels.
You also visited: Gauntlet.

You collected 1268 gold pieces.

Inventory:

Hand Weapons
 a - a +6 great mace (weapon)
Missiles
 p - 3 throwing nets
Armour
 g - a +1 pair of gloves (worn)
 o - a +0 helmet (worn)
 u - a +2 leather armour of willpower (worn)
Jewellery
 n - a cursed +6 ring of strength (left hand)
Wands
 e - a wand of acid (6)
Scrolls
 c - 6 scrolls of remove curse
 f - a scroll of identify
 i - 5 scrolls of fog
 k - 10 scrolls of teleportation
 t - a scroll of silence
Potions
 b - a potion of ambrosia
 d - 2 potions of might
 h - 2 potions of invisibility
 j - 2 potions of curing
 l - 2 potions of berserk rage
 m - a potion of haste
 q - a potion of mutation
 r - 4 potions of heal wounds
 w - a potion of flight
 z - a potion of resistance


   Skills:
 + Level 10.4 Fighting
 * Level 12.9 Maces & Flails
 + Level 10.2 Armour
 * Level 10.9 Dodging


You had 12 spell levels left.
You didn't know any spells.
Your spell library was empty.

Dungeon Overview and Level Annotations

Branches:
Dungeon (14/15)            Temple (1/1) D:6            Lair (0/6) D:9
    Orc (0/2) D:10         Vaults (0/5) D:13        Gauntlet (1/1)

Altars:
Ashenzari
Cheibriados
Dithmenos
Elyvilon
Fedhas
Gozag
Hepliaklqana
Kikubaaqudgha
Makhleb
Nemelex Xobeh
Okawaru
Qazlal
Ru
Sif Muna
Trog
Uskayaw
Vehumet
Wu Jian
Xom
Yredelemnul
Zin
The Shining One

Annotations:
Gauntlet 15 transporters, 21 runed translucent doors, exclusions: ice statue and obsidian statue


Innate Abilities, Weirdness & Mutations

You are resistant to torment.
Your stone body is resilient. (AC +9)
You are immune to poison.
You resist negative energy. (rN+)
You are resistant to electric shocks. (rElec)
You can survive without breathing.
You are immune to petrification.
You are immune to miasma.
You have razor-sharp toenails.
You have supernaturally acute eyesight. (SInv)
Your body sometimes deteriorates upon taking damage.


Message History

The rime drake is lightly wounded.
The ice statue glitters chillingly in the dim dungeon light.
The rime drake bites you but does no damage.
You bludgeon the rime drake!!
You kill the rime drake!
Trog accepts your kill.
No reachable target in view!
No reachable target in view!
No reachable target in view!
Really walk into a travel-excluded area?
The ice statue gestures at you. The freezing blast misses you.
You are engulfed in freezing vapours.
The ice statue glitters chillingly in the dim dungeon light.
You are engulfed in freezing vapours.
* * * LOW HITPOINT WARNING * * *
You completely miss the ice statue.
You claw the ice statue, but do no damage.
You are engulfed in freezing vapours.
You die...

#8# #8# #8# #8# #...
###################.∩.
#§§...................
###.§.................©.
#8#..###########.#######
###..#○☼☼☼.#...#.#..#^..
#....#○○##..#..#.#...#..
###....#○○#..##..#.#...#^.
#8#..###○@##..#..#.#....#©
###..#©#©8#.©##..#.#..^###
#..#.#..##..#..#.#.##.#. ## ###
###..#.#..#..##..#.##...^# 8# #8#
#8#..#.#..##..#..#.#.....#
##########..#.#.....#...#.#....©.
............#.###################
............#.#≈≈8§≈#©.........©.
#############.###################


You could see an ice statue.

Vanquished Creatures
  Erolcha (D:11)
  2 boulder beetles
  3 centaur warriors
  A tengu warrior (D:13)
  5 two-headed ogres
  A soul eater (Gauntlet)
  An unseen horror (D:8)
  A wolf spider zombie (D:13)
  A phantasmal warrior (D:13)
  A deep elf mage (D:8)
  An oklob plant (D:13)
  2 cyclopes
  A manticore (shapeshifter) (D:13)
  A manticore (D:11)
  3 centaur zombies
  2 centaur skeletons
  2 rime drakes (Gauntlet)
  A meliai (shapeshifter) (D:13)
  7 trolls
  A tengu conjurer (D:13)
  A hornet (D:5)
  A wraith (D:13)
  4 wargs (D:10)
  Edmund (D:5)
  Duvessa (D:5)
  An acid dragon (D:13)
  3 water moccasins
  17 orc warriors
  3 black bears
  A necrophage (D:9)
  6 ice beasts
  2 hornet zombies
  3 sky beasts
  A phantom (D:10)
  4 wolves (D:9)
  7 ogres
  14 centaurs
  Blork the orc (D:5)
  3 big kobolds
  6 bullfrogs
  Dowan (D:5)
  A wyvern zombie (D:13)
  10 scorpions
  4 killer bees (D:6)
  4 wights (D:7)
  5 howler monkeys
  3 electric eels (D:9)
  A bullfrog zombie (D:12)
  A quasit (D:6)
  2 jellies (D:8)
  11 hounds
  13 orc priests
  7 bullfrog skeletons
  A gnoll shaman (D:4)
  9 orc wizards
  Ijyb (D:5)
  3 iguanas
  5 worker ants
  A hound zombie (D:6)
  A hound skeleton (D:5)
  2 worker ant zombies
  14 gnolls
  20 adders
  4 shadow imps
  3 white imps
  3 ufetubi
  2 adder zombies
  2 adder skeletons
  2 worms (D:3)
  A dart slug (D:3)
  2 leopard geckos
  74 orcs
  2 bat zombies (D:3)
  A giant cockroach (D:1)
  6 goblins
  11 hobgoblins
  2 jackals (D:6)
  11 kobolds
  7 quokkas
  A ball python (D:1)
  7 bats
  7 frilled lizards
  A leopard gecko skeleton (D:4)
  5 rats
  2 rat zombies (D:3)
  12 bushes (D:13)
406 creatures vanquished.

Vanquished Creatures (others)
  A leopard gecko (D:7)
  A jackal (D:7)
  A fungus (D:1)
  93 plants
96 creatures vanquished.

Grand Total: 502 creatures vanquished

Notes
Turn   | Place    | Note
-------+----------+-------------------------------------------
     0 | D:1      | Borgoz the Gargoyle Berserker began the quest for the Orb.
     0 | D:1      | Reached XP level 1. HP: 14/14 MP: 1/1
   182 | D:1      | Reached XP level 2. HP: 19/19 MP: 2/2
   487 | D:1      | Reached XP level 3. HP: 23/23 MP: 3/3
  1497 | D:2      | Reached XP level 4. HP: 29/29 MP: 4/4
  1736 | D:2      | Found a blossoming altar of Fedhas.
  1967 | D:3      | Reached skill level 4 in Maces & Flails
  1976 | D:3      | Reached ** piety under Trog
  1977 | D:3      | Reached XP level 5. HP: 27/33 MP: 5/5
  2775 | D:3      | Reached XP level 6. HP: 20/38 MP: 6/6
  2787 | D:3      | Gained mutation: Your body sometimes deteriorates upon
                  | taking damage. [potion of mutation]
  2787 | D:3      | Gained mutation: You have sharp toenails. [potion of
                  | mutation]
  2787 | D:3      | Gained mutation: You have razor-sharp toenails. [potion of
                  | mutation]
  2787 | D:3      | Gained mutation: You have supernaturally acute eyesight.
                  | (SInv) [potion of mutation]
  3194 | D:3      | Found an ancient bone altar of Kikubaaqudgha.
  3490 | D:4      | Reached skill level 5 in Maces & Flails
  3654 | D:4      | Reached XP level 7. HP: 44/44 MP: 7/7
  3665 | D:4      | Reached *** piety under Trog
  4035 | D:5      | Entered Level 5 of the Dungeon
  4113 | D:5      | Noticed Duvessa
  4113 | D:5      | Noticed Dowan
  4123 | D:5      | Killed Duvessa
  4130 | D:5      | Killed Dowan
  4131 | D:5      | Reached skill level 5 in Fighting
  4131 | D:5      | Reached XP level 8. HP: 49/49 MP: 8/8
  4221 | D:5      | Reached skill level 6 in Maces & Flails
  4326 | D:5      | Noticed Blork the orc
  4332 | D:5      | Killed Blork the orc
  4445 | D:5      | Found a shimmering blue altar of Sif Muna.
  4510 | D:5      | Noticed Ijyb
  4521 | D:5      | Killed Ijyb
  4560 | D:5      | Noticed a hornet
  4575 | D:5      | Killed a hornet
  4576 | D:5      | Reached skill level 5 in Dodging
  4887 | D:5      | Noticed Edmund
  4894 | D:5      | Killed Edmund
  4903 | D:5      | Reached skill level 5 in Armour
  5121 | D:6      | Reached skill level 7 in Maces & Flails
  5130 | D:6      | Reached XP level 9. HP: 49/55 MP: 9/9
  5432 | D:6      | Found a staircase to the Ecumenical Temple.
  5433 | D:6      | Reached **** piety under Trog
  5489 | Temple   | Entered the Ecumenical Temple
  6111 | D:7      | Reached skill level 8 in Maces & Flails
  6726 | D:7      | Found a shimmering altar of Xom.
  6806 | D:7      | Reached XP level 10. HP: 55/61 MP: 10/10
  7017 | D:7      | Reached ***** piety under Trog
  7469 | D:8      | Reached skill level 9 in Maces & Flails
  7572 | D:8      | Noticed a two-headed ogre
  7575 | D:8      | Found a runed translucent door.
  7581 | D:8      | Killed a two-headed ogre
  7971 | D:8      | Found a runed translucent door.
  8373 | D:8      | Noticed an unseen horror
  8377 | D:8      | Killed an unseen horror
  8447 | D:8      | Noticed a deep elf mage
  8454 | D:8      | Killed a deep elf mage
  8454 | D:8      | Received a gift from Trog
  8455 | D:8      | Reached skill level 10 in Maces & Flails
  8455 | D:8      | Reached XP level 11. HP: 52/68 MP: 11/11
  8905 | D:9      | Noticed a two-headed ogre
  8918 | D:9      | Killed a two-headed ogre
  9224 | D:9      | Found a staircase to the Lair.
  9301 | D:9      | Noticed a two-headed ogre
  9308 | D:9      | Killed a two-headed ogre
  9429 | D:9      | Found a snail-covered altar of Cheibriados.
  9430 | D:9      | Found a glowing golden altar of the Shining One.
  9430 | D:9      | Found an opulent altar of Gozag.
  9759 | D:10     | Entered Level 10 of the Dungeon
  9807 | D:10     | Noticed a two-headed ogre
  9814 | D:10     | Killed a two-headed ogre
  9910 | D:10     | Found a bloodstained altar of Trog.
 10092 | D:10     | Found a staircase to the Orcish Mines.
 10245 | D:10     | Reached skill level 11 in Maces & Flails
 10502 | D:11     | Noticed Erolcha
 10519 | D:11     | Killed Erolcha
 10700 | D:11     | Reached XP level 12. HP: 39/76 MP: 12/12
 12054 | D:12     | Noticed a boulder beetle
 12069 | D:12     | Killed a boulder beetle
 12537 | D:12     | Noticed a centaur warrior
 12547 | D:12     | Killed a centaur warrior
 12802 | D:12     | Reached skill level 10 in Dodging
 12869 | D:12     | Received a gift from Trog
 13096 | D:13     | Noticed a two-headed ogre
 13100 | D:13     | Reached skill level 12 in Maces & Flails
 13104 | D:13     | Killed a two-headed ogre
 13344 | D:13     | Found a gate to the Vaults.
 13432 | D:13     | Noticed a centaur warrior
 13438 | D:13     | Killed a centaur warrior
 13619 | D:13     | Noticed a boulder beetle
 13640 | D:13     | Killed a boulder beetle
 13641 | D:13     | Reached skill level 10 in Fighting
 13982 | D:13     | Noticed a tengu warrior
 13987 | D:13     | Killed a tengu warrior
 13988 | D:13     | Reached XP level 13. HP: 76/82 MP: 13/13
 14088 | D:13     | Reached skill level 10 in Armour
 14430 | D:13     | Found a blossoming altar of Fedhas.
 15133 | D:14     | Found a gate leading to a gauntlet.
 15142 | Gauntlet | Entered a Gauntlet
 15142 | Gauntlet | Found a transporter.
 15152 | Gauntlet | Found a transporter.
 15167 | Gauntlet | Found a transporter.
 15172 | Gauntlet | Found a transporter.
 15187 | Gauntlet | Found a transporter.
 15206 | Gauntlet | Found a transporter.
 15207 | Gauntlet | Noticed a reaper
 15218 | Gauntlet | Found a transporter.
 15230 | Gauntlet | Found a transporter.
 15238 | Gauntlet | Found a large runed translucent door.
 15239 | Gauntlet | Found a large runed translucent door.
 15240 | Gauntlet | Found a large runed translucent door.
 15240 | Gauntlet | Found a large runed translucent door.
 15241 | Gauntlet | Found a runed translucent gate.
 15242 | Gauntlet | Found a transporter.
 15242 | Gauntlet | Found a runed translucent gate.
 15243 | Gauntlet | Found a runed translucent gate.
 15244 | Gauntlet | Found a large runed translucent door.
 15244 | Gauntlet | Found a large runed translucent door.
 15244 | Gauntlet | Found a runed translucent door.
 15244 | Gauntlet | Found a runed translucent door.
 15245 | Gauntlet | Found a large runed translucent door.
 15246 | Gauntlet | Found a large runed translucent door.
 15248 | Gauntlet | Found a transporter.
 15248 | Gauntlet | Found a transporter.
 15253 | Gauntlet | Found a large runed translucent door.
 15253 | Gauntlet | Found a large runed translucent door.
 15254 | Gauntlet | Found a large runed translucent door.
 15255 | Gauntlet | Found a large runed translucent door.
 15263 | Gauntlet | Found a transporter.
 15281 | Gauntlet | Found a transporter.
 15295 | Gauntlet | Found a large runed translucent door.
 15296 | Gauntlet | Found a large runed translucent door.
 15297 | Gauntlet | Found a large runed translucent door.
 15297 | Gauntlet | Found a large runed translucent door.
 15301 | Gauntlet | Found a transporter.
 15328 | Gauntlet | Found a transporter.
 15328 | Gauntlet | Found a transporter.
 15344 | Gauntlet | Found a transporter.
 15344 | Gauntlet | Found a transporter.
 15616 | Gauntlet | Engulfed by an ice statue's freezing vapour

Illustrated notes

Levels and vault maps discovered:
D:1:      dpeg_cavernosity, layout_basic
D:2:      layout_loops_corners, general_overflow_altar
D:3:      layout_basic, lemuel_zombie_altar_kikubaaqudgha
D:4:      layout_rooms
D:5:      layout_basic, led_sif_book, uniq_ijyb, uniq_blork_the_orc,
          uniq_duvessa, uniq_edmund
D:6:      layout_basic, minmay_temple_entry_tees, kennysheep_generic_room_8
D:7:      kennysheep_housing_project, layout_basic, xom_confusion_cloud
D:8:      cheibrodos_histonic, layout_rooms, serial_curves, eino_curves_03,
          eino_curves_04, eino_curves_04, st_stairs_6
D:9:      layout_basic, grunt_temple_overflow_open, erik_lair_island,
          serial_glass, glass_columns_b, glass_columns_c
D:10:     layout_gridville, minmay_orc_entry_guard_dogs, basic_altar
D:11:     layout_long_grid, special_room [special_room_orc], uniq_erolcha
D:12:     layout_stronghold
D:13:     layout_roguey, david_vaults_4, hex_large, tgw_fedhas
D:14:     layout_loops_corners, basic_altar, gauntlet_entry_generic,
          minmay_staircase_bubble, uniq_agnes
Temple:   eino_temple_scatter_basement
Gauntlet: gammafunk_gauntlet_one_two_three [nicolae_gauntlet_swirl,
          gammafunk_gauntlet_arena_teeth, nicolae_gauntlet_arena_quarters,
          gammafunk_gauntlet_arena_chambers,
          minmay_gauntlet_arena_make_your_own_arena,
          gammafunk_gauntlet_arena_split_diamond,
          nicolae_gauntlet_arena_flowing_pool, gammafunk_gauntlet_arena_split_x,
          gammafunk_gauntlet_arena_corners, gauntlet_exit_spiral]

Skill      XL: |  1  2  3  4  5  6  7  8  9 10 11 12 13 |
---------------+----------------------------------------+-----
Dodging        | 2 3 4 5 6 8 9 10 | 10.9
Maces & Flails | 4 5 7 8 10 11 12 | 12.9
Armour         | 3 4 5 6 7 8 9 10 | 10.2
Fighting       | 4 5 6 8 9 10 | 10.4

Action                   |  1- 3 |  4- 6 |  7- 9 | 10-12 | 13-15 || total
-------------------------+-------+-------+-------+-------+-------++-------
Melee: Mace              |    59 |    86 |       |       |       ||   145
       Flail             |       |    85 |    87 |       |       ||   172
       Kick              |       |    14 |    72 |   172 |   184 ||   442
       Dire flail        |       |       |   175 |   201 |       ||   376
       Great mace        |       |       |       |   343 |   282 ||   625
Invok: Berserk           |       |     3 |     2 |     7 |     1 ||    13
       Trog's Hand       |       |     1 |       |     3 |       ||     4
  Use: Scroll            |       |     1 |     1 |    22 |     1 ||    25
       Potion            |       |     6 |       |     2 |       ||     8
 Stab: Sleeping          |     1 |       |       |       |       ||     1
Armor: Animal skin       |    16 |    71 |    14 |       |       ||   101
       Leather armour    |       |       |    71 |   213 |    41 ||   325
Dodge: Dodged            |    45 |   183 |   175 |   591 |    92 ||  1086
